 Dungeon Crawl Stone Soup version 0.28-a0-1002-gf00fe891ef (webtiles) character file.

Game seed: 17144879706793852512

89517 r3xj the Warrior (level 15, -4/225 HPs)
             Began as a Minotaur Berserker on Dec 6, 2021.
             Was the Champion of Trog.
             Slain by a snapping turtle (8 damage)
             ... on level 2 of the Shoals.
             The game lasted 01:09:54 (25502 turns).

r3xj the Warrior (Minotaur Berserker)              Turns: 25502, Time: 01:09:55

Health: -4/225     AC: 28    Str: 26    XL:     15   Next: 49%
Magic:  14/14      EV: 18    Int:  6    God:    Trog [******]
Gold:   2395       SH: 11    Dex: 20    Spells: 14/14 levels left

rFire   . . .      SeeInvis .   I - +7 trident of Retiqi {flame, rPois rN+ Int+2 Dex+4}
rCold   + . .      Faith    .   K - +0 buckler
rNeg    + . .      Spirit   .   l - +7 chain mail of Zeipiykh {rCorr Dex+3 Stlth-}
rPois   +          Reflect  +   (helmet restricted)
rElec   .          Harm     .   x - +0 cloak
rCorr   +          Rampage  .   H - +1 pair of gloves
Will    +....                   o - +1 pair of boots
Stlth   ..........              E - amulet of reflection
HPRegen 0.47/turn               y - ring of flight
MPRegen 0.14/turn               W - ring of protection from cold

@: berserking, flying, studying 2 skills, very quick
A: horns 2, retaliatory headbutt
a: Renounce Religion, Berserk, Trog's Hand, Brothers in Arms


You were on level 2 of the Shoals.
You worshipped Trog.
Trog was exalted by your worship.
You visited 4 branches of the dungeon, and saw 22 of its levels.

You collected 2423 gold pieces.
You spent 28 gold pieces at shops.

Inventory:

Hand Weapons
 e - the +9 arbalest of Gin and Tonic {penet, rPois rN+ Str+4 Dex-4}
   (You found it on level 6 of the Lair of Beasts)

   Any ammunition fired by it passes through the targets it hits, potentially
   hitting all targets in its path until it reaches maximum range.
   Str:       It affects your strength (+4).
   Dex:       It affects your dexterity (-4).
   rPois:     It protects you from poison.
   rN:        It protects you from negative energy.
 z - the +8 whip "Snakebite" {venom, curare, rPois}
   (Trog gifted it to you on level 4 of the Lair of Beasts)

   It poisons the flesh of those it strikes.
   It occasionally inflicts asphyxiating poison on those it strikes, dealing
   poison damage and causing slowness.
   rPois:     It protects you from poison.
 C - a +3 bardiche of flaming
 I - the +7 trident of Retiqi (weapon) {flame, rPois rN+ Int+2 Dex+4}
   (You found it on level 5 of the Dungeon)

   It burns those it strikes, dealing additional fire damage.
   Int:       It affects your intelligence (+2).
   Dex:       It affects your dexterity (+4).
   rPois:     It protects you from poison.
   rN:        It protects you from negative energy.
 V - a +5 rapier of speed
Missiles
 s - 113 poisoned darts (quivered)
 T - 2 throwing nets
Armour
 k - +0 fire dragon scales
 l - the +7 chain mail of Zeipiykh (worn) {rCorr Dex+3 Stlth-}
   (You found it on level 5 of the Lair of Beasts)

   Dex:       It affects your dexterity (+3).
   rCorr:     It protects you from acid and corrosion.
   Stlth:     It makes you less stealthy.
 o - a +1 pair of boots (worn)
 r - a scarf of repulsion
 x - a +0 cloak (worn)
 H - a +1 pair of gloves (worn)
 K - a +0 buckler (worn)
 M - the +3 chain mail of Curiosity {rPois Str-2 SInv Stlth+}
   (You found it on level 2 of the Lair of Beasts)

   Str:       It affects your strength (-2).
   rPois:     It protects you from poison.
   SInv:      It lets you see invisible.
   Stlth:     It makes you more stealthy.
Jewellery
 y - a ring of flight (left hand)
 E - an amulet of reflection (around neck)
 L - the amulet of Muxulon {Acrobat -Tele rElec rPois SInv}
   (You found it on level 4 of the Lair of Beasts)

   [amulet of the acrobat]

   It increases your evasion while moving and waiting.
   rElec:     It insulates you from electricity.
   rPois:     It protects you from poison.
   SInv:      It lets you see invisible.
   -Tele:     It prevents most forms of teleportation.
 Q - a ring of positive energy
 W - a ring of protection from cold (right hand)
Wands
 i - a wand of flame (53)
 n - a wand of acid (9)
 t - a wand of charming (6)
 w - a wand of paralysis (7)
 B - a wand of iceblast (15)
 O - a wand of mindburst (32)
Scrolls
 a - a scroll of enchant armour
 c - 10 scrolls of teleportation
 f - a scroll of enchant weapon
 h - 8 scrolls of blinking
 m - 3 scrolls of fog
 v - 4 scrolls of identify
 G - 2 scrolls of fear
 N - a scroll of holy word
 S - 2 scrolls of magic mapping
 U - a scroll of summoning
Potions
 g - 11 potions of curing
 q - 7 potions of heal wounds
 A - 7 potions of mutation
 D - 4 potions of ambrosia
 F - 4 potions of haste
 J - 3 potions of berserk rage
 P - 4 potions of lignification
 R - 6 potions of might
 X - 4 potions of cancellation
Miscellaneous
 Y - a phantom mirror


   Skills:
 + Level 18.6 Fighting
 - Level 10.1 Maces & Flails
 - Level 14.0 Polearms
 + Level 16.8 Armour
 + Level 15.4 Dodging
 - Level 4.0 Shields


You had 14 spell levels left.
You didn't know any spells.
Your spell library was empty.

Dungeon Overview and Level Annotations

Branches:
Dungeon (12/15)            Temple (0/1) D:7            Lair (6/6) D:9
 Shoals (2/4) Lair:4        Snake (0/4) Lair:4        Slime (0/5) Lair:6
    Orc (2/2) D:12            Elf (0/3) Orc:2

Altars:
Ashenzari
Cheibriados
Dithmenos
Elyvilon
Fedhas
Hepliaklqana
Makhleb
Okawaru
Sif Muna
Vehumet
Zin

Shops:
D:3 *   Orc:1 :   Orc:2 (**:   Shoals:1 **


Innate Abilities, Weirdness & Mutations

You have a pair of horns on your head.
You reflexively headbutt those who attack you in melee.


Message History

The merfolk hits you from afar with a +0 trident!
* * * LOW HITPOINT WARNING * * *
The merfolk barely misses you.
You are too berserk!
You impale the merfolk impaler!! You burn the merfolk impaler!
Your headbutt misses the merfolk impaler.
The merfolk impaler is severely wounded.
The merfolk impaler hits you but does no damage.
The snapping turtle misses you.
You closely miss the merfolk impaler. You headbutt the merfolk impaler.
The merfolk impaler is severely wounded.
You block the merfolk impaler's attack.
You miss the merfolk impaler. You headbutt the merfolk impaler!!
The merfolk impaler is almost dead.
You block the merfolk's attack. The merfolk misses you.
You puncture the merfolk impaler! You burn the merfolk impaler.
You feel the power of Trog in you as your rage grows.
You kill the merfolk impaler!
Trog accepts your kill.
You hear a splash. x2
The snapping turtle bites you from afar.
* * * LOW HITPOINT WARNING * * *
The merfolk barely misses you. You block the merfolk's attack.
You puncture the merfolk! You burn the merfolk.
You kill the merfolk!
Trog accepts your kill. You block the snapping turtle's attack.
The merfolk hits you with a +0 trident.
* * * LOW HITPOINT WARNING * * *
You block the snapping turtle's attack.
You puncture the merfolk! You burn the merfolk.
Your headbutt misses the merfolk.
The merfolk is moderately wounded.
You puncture the merfolk! You burn the merfolk.
The merfolk is heavily wounded.
You impale the merfolk!! You burn the merfolk!
You kill the merfolk!
Trog accepts your kill. The snapping turtle bites you!
You die...

....≈≈##≈#≈≈≈≈≈≈≈≈≈≈≈...
...≈≈≈≈≈≈≈≈≈≈≈≈≈≈≈≈≈≈≈≈≈
..†≈≈≈≈≈≈≈≈≈≈≈≈≈≈≈≈≈≈≈≈≈
...≈≈≈≈≈≈####≈.≈≈≈≈≈≈≈≈≈
...≈≈≈≈≈≈≈≈≈#≈≈≈)≈≈≈≈≈≈.
...≈####≈#≈≈#≈)≈≈≈≈≈...#
...≈#≈≈#≈####≈≈≈≈≈≈..###
..)≈#≈≈≈≈≈≈≈≈≈)).t....#
...≈####≈≈≈≈≈≈..@).>..#
..)≈≈≈≈≈≈####≈.)........
...≈≈≈≈≈≈# #≈≈).....≈≈≈
...≈≈≈≈≈≈# #≈≈≈....≈≈≈≈
...≈≈≈≈≈≈# #≈≈≈....≈≈≈≈
>..≈≈≈≈≈≈≈≈ ≈≈.Y...≈≈≈≈≈
...≈≈####≈≈≈≈≈.....≈≈≈≈≈
...≈≈# ≈≈≈≈≈....≈≈≈≈≈≈
....≈# ≈≈≈≈..≈≈≈≈≈≈≈≈


You could see a snapping turtle and a dream sheep.

Vanquished Creatures
  Nessos (D:12)
  The ghost of Dysowo the Fighter, a journeyman PaMo of Ru (Lair:5)
  2 merfolk javelineers (Shoals:2)
  3 merfolk impalers
  5 hydras
  An ogre mage (Orc:2)
  3 merfolk aquamancers
  2 merfolk avatars (Shoals:2)
  A boulder beetle (D:12)
  An alligator snapping turtle (Shoals:1)
  A catoblepas (Lair:6)
  An alligator (Lair:4)
  12 two-headed ogres
  3 death yaks
  4 orc high priests (Orc:2)
  Urug (Orc:2)
  A goliath frog (Lair:6)
  A sea snake (Shoals:1)
  Pikel (D:7)
  4 harpies
  6 orc knights
  8 orc sorcerers
  5 fauns (Shoals:1)
  4 manticores
  7 black mambas
  2 merfolk sirens (Shoals:1)
  2 cyclopes
  A torpor snail (Lair:4)
  7 rime drakes
  A gargoyle (D:12)
  26 cane toads
  8 komodo dragons
  7 trolls
  10 merfolk
  2 wind drakes
  2 polar bears
  A raiju (shapeshifter) (D:8)
  7 slime creatures
  A hornet (D:10)
  17 blink frogs
  2 dream sheep (Shoals:2)
  4 tyrant leeches (Lair:6)
  Sigmund (D:3)
  8 water elementals
  2 shadows
  5 snapping turtles (Shoals:1)
  A vampire (D:12)
  2 wraiths
  8 wyverns
  46 yaks
  4 basilisks
  15 steam dragons
  5 vampire mosquitoes (Lair:6)
  7 wargs
  A naga (Lair:4)
  24 water moccasins
  25 orc warriors
  A hornet zombie (D:7)
  An ice beast (D:7)
  3 sky beasts
  2 black bears
  A necrophage (D:5)
  15 wolves
  5 ogres
  4 lemures (D:7)
  4 centaurs
  A phantom (D:6)
  3 kobold brigands
  15 bullfrogs
  A gnoll sergeant (D:5)
  2 scorpions
  A wyvern zombie (D:8)
  A wyvern skeleton (D:6)
  21 killer bees
  4 wights (D:8)
  4 howler monkeys
  An electric eel (Lair:4)
  4 centaur zombies
  2 jellies
  2 hounds
  21 orc priests
  A gnoll shaman (Orc:1)
  A centaur skeleton (D:6)
  4 iguanas
  33 orc wizards
  A killer bee zombie (D:6)
  A hound zombie (D:5)
  A hound skeleton (D:4)
  A howler monkey zombie (D:6)
  A mummy (D:7)
  12 gnolls
  A howler monkey skeleton (D:7)
  5 adders
  2 shadow imps
  2 white imps
  An ufetubus (D:4)
  A worm (D:5)
  4 dart slugs
  78 orcs
  12 bats
  3 endoplasms
  3 giant cockroaches
  9 goblins
  5 hobgoblins
  4 jackals (D:2)
  20 kobolds
  2 quokkas
  6 ball pythons
  5 frilled lizards
  A hobgoblin zombie (D:7)
  2 kobold zombies (D:7)
  An orc zombie (D:7)
  4 rats
679 creatures vanquished.

Vanquished Creatures (others)
  2 orc wizards
  An orc (Orc:2)
  14 fungi
  121 plants
138 creatures vanquished.

Grand Total: 817 creatures vanquished

Notes
Turn   | Place    | Note
-------+----------+-------------------------------------------
     0 | D:1      | r3xj the Minotaur Berserker began the quest for the Orb.
     0 | D:1      | Reached XP level 1. HP: 19/19 MP: 0/0
   185 | D:1      | Reached XP level 2. HP: 23/26 MP: 1/1
   782 | D:2      | Reached skill level 5 in Maces & Flails
   954 | D:2      | Reached XP level 3. HP: 21/31 MP: 2/2
   975 | D:2      | Reached ** piety under Trog
  1692 | D:3      | Found a shadowy altar of Dithmenos.
  1784 | D:3      | Reached XP level 4. HP: 32/39 MP: 3/3
  1855 | D:3      | Noticed Sigmund
  1865 | D:3      | Killed Sigmund
  1866 | D:3      | Reached XP level 5. HP: 36/45 MP: 1/4
  1866 | D:3      | Reached XP level 6. HP: 40/51 MP: 1/5
  2232 | D:3      | Found Osmyowk's General Store.
  2238 | D:3      | Bought a scroll of fog for 28 gold pieces
  2623 | D:4      | Found a shimmering blue altar of Sif Muna.
  3176 | D:4      | Reached *** piety under Trog
  3274 | D:4      | Found an iron altar of Okawaru.
  3283 | D:4      | Found a white marble altar of Elyvilon.
  3287 | D:4      | Found a burning altar of Makhleb.
  3631 | D:5      | Entered Level 5 of the Dungeon
  3749 | D:5      | Reached XP level 7. HP: 53/57 MP: 4/6
  3818 | D:5      | Reached skill level 10 in Maces & Flails
  3824 | D:5      | Identified the +1 ring mail of the Moneychanger {rCorr
                  | Str+5 Slay-5}
  4351 | D:5      | Found a snail-covered altar of Cheibriados.
  4498 | D:5      | Identified the +7 trident of Retiqi {flame, rPois rN+ Int+2
                  | Dex+4}
  4662 | D:6      | Reached skill level 1 in Polearms
  4662 | D:6      | Reached skill level 1 in Shields
  4743 | D:6      | Noticed a wyvern
  4757 | D:6      | Noticed a yak
  4760 | D:6      | Killed a yak
  4761 | D:6      | Noticed a yak
  4761 | D:6      | Noticed a yak
  4768 | D:6      | Killed a yak
  4769 | D:6      | Reached XP level 8. HP: 62/64 MP: 5/7
  4771 | D:6      | Reached skill level 5 in Polearms
  5193 | D:6      | Reached **** piety under Trog
  5393 | D:6      | Reached XP level 9. HP: 70/70 MP: 8/8
  5747 | D:6      | Found a glowing silver altar of Zin.
  5840 | D:6      | Found a hazy altar of Hepliaklqana.
  5840 | D:6      | Found a broken altar of Ashenzari.
  6176 | D:7      | Reached skill level 10 in Polearms
  6384 | D:7      | Found a staircase to the Ecumenical Temple.
  6817 | D:7      | Found a blossoming altar of Fedhas.
  6862 | D:7      | Found a radiant altar of Vehumet.
  6897 | D:7      | Noticed Pikel
  6904 | D:7      | Killed Pikel
  7206 | D:8      | Reached ***** piety under Trog
  7207 | D:8      | Reached XP level 10. HP: 77/77 MP: 9/9
  7344 | D:8      | Identified the +2 great mace "Ogre's Death" {drain,
                  | *Corrode rF++ Int+4}
  7372 | D:8      | Reached skill level 4 in Fighting
  7750 | D:8      | Reached skill level 5 in Fighting
  7894 | D:8      | Noticed a two-headed ogre
  7898 | D:8      | Noticed a two-headed ogre
  7916 | D:8      | Identified the +1 robe of the Mind {rElec rN+ Str-5}
  7942 | D:8      | Noticed a two-headed ogre
  7952 | D:8      | Killed a two-headed ogre
  7953 | D:8      | Reached skill level 5 in Armour
  8092 | D:8      | Killed a two-headed ogre
  8093 | D:8      | Reached skill level 6 in Fighting
  8093 | D:8      | Reached skill level 5 in Dodging
  8140 | D:8      | Killed a two-headed ogre
  8352 | D:8      | Reached XP level 11. HP: 72/91 MP: 10/10
  8441 | D:8      | Reached skill level 7 in Fighting
  8441 | D:8      | Noticed a two-headed ogre
  8446 | D:8      | Killed a two-headed ogre
  8632 | D:8      | Noticed a four-headed hydra
  8638 | D:8      | Killed a four-headed hydra
  9385 | D:9      | Noticed a two-headed ogre
  9391 | D:9      | Killed a two-headed ogre
  9392 | D:9      | Reached skill level 8 in Fighting
  9775 | D:9      | Found a staircase to the Lair.
 10222 | D:9      | Reached skill level 9 in Fighting
 10430 | D:10     | Entered Level 10 of the Dungeon
 10476 | D:10     | Noticed a two-headed ogre
 10479 | D:10     | Killed a two-headed ogre
 11022 | D:10     | Noticed a two-headed ogre
 11027 | D:10     | Killed a two-headed ogre
 11662 | D:11     | Reached XP level 12. HP: 103/106 MP: 11/11
 11915 | D:11     | Reached skill level 10 in Fighting
 12214 | D:12     | Received a gift from Trog
 12234 | D:12     | Noticed a boulder beetle
 12248 | D:12     | Killed a boulder beetle
 12261 | D:12     | Reached skill level 10 in Armour
 12592 | D:12     | Found a staircase to the Orcish Mines.
 12715 | D:12     | Noticed Nessos
 12722 | D:12     | Killed Nessos
 13188 | D:12     | Reached skill level 11 in Fighting
 13434 | Lair:1   | Entered Level 1 of the Lair of Beasts
 13538 | Lair:1   | Reached skill level 10 in Dodging
 13564 | Lair:1   | Identified the +1 dagger of the Moon {vorpal, rF+ Stlth+}
 13963 | Lair:1   | Noticed a seven-headed hydra
 13970 | Lair:1   | Killed a seven-headed hydra
 14246 | Lair:2   | Reached skill level 12 in Fighting
 14484 | Lair:2   | Reached XP level 13. HP: 118/118 MP: 12/12
 14668 | Lair:2   | Received a gift from Trog
 15428 | Lair:2   | Identified the +3 chain mail of Curiosity {rPois Str-2 SInv
                  | Stlth+}
 16527 | Lair:3   | Reached skill level 13 in Fighting
 16851 | Lair:3   | Identified the +6 dagger of a wizard's laboratory {holy,
                  | rElec rC+ Int+3}
 17306 | Lair:4   | Found a hazy altar of Hepliaklqana.
 17468 | Lair:4   | Received a gift from Trog
 17468 | Lair:4   | Found the +8 whip "Snakebite" {venom, curare, rPois}
 17584 | Lair:4   | Identified the amulet of Muxulon {Acrobat -Tele rElec rPois
                  | SInv}
 17592 | Lair:4   | You are sucked into a shaft and drop 2 floors!
 17592 | Lair:6   | Entered Level 6 of the Lair of Beasts
 17972 | Lair:6   | Found a staircase to the Slime Pits.
 18048 | Lair:6   | Reached skill level 14 in Fighting
 18064 | Lair:6   | Reached ****** piety under Trog
 18286 | Lair:6   | Reached XP level 14. HP: 124/132 MP: 13/13
 18996 | Lair:6   | Found the +5 robe of Night {Dark Will+ SInv}
 19082 | Lair:6   | Identified the +9 arbalest of Gin and Tonic {penet, rPois
                  | rN+ Str+4 Dex-4}
 19127 | Lair:5   | Identified the +7 chain mail of Zeipiykh {rCorr Dex+3
                  | Stlth-}
 19165 | Lair:5   | Noticed Dysowo's ghost (journeyman PaMo)
 19188 | Lair:5   | Found a runed translucent gate.
 19188 | Lair:5   | Found a runed translucent gate.
 19189 | Lair:5   | Found a runed translucent gate.
 19481 | Lair:4   | Found a staircase to the Snake Pit.
 19500 | Lair:4   | Found a staircase to the Shoals.
 20342 | Lair:5   | Reached skill level 15 in Fighting
 20353 | Lair:5   | Killed Dysowo's ghost
 20593 | Orc:1    | Entered Level 1 of the Orcish Mines
 21019 | Orc:1    | Received a gift from Trog
 21112 | Orc:1    | Reached skill level 15 in Armour
 21459 | Orc:1    | Found Esummiri's Book Shop.
 21577 | Orc:2    | Entered Level 2 of the Orcish Mines
 21841 | Orc:1    | Reached skill level 16 in Fighting
 21904 | Orc:2    | Noticed Urug
 21922 | Orc:2    | Killed Urug
 22139 | Orc:2    | Found a staircase to the Elven Halls.
 22259 | Orc:2    | Received a gift from Trog
 23151 | Orc:2    | Found Ewepriut's Book Shop.
 23151 | Orc:2    | Found Pamm's Assorted Antiques.
 23157 | Orc:2    | Reached skill level 17 in Fighting
 23157 | Orc:2    | Reached XP level 15. HP: 117/147 MP: 14/14
 23243 | Orc:2    | Found Ronirghi's General Store.
 23243 | Orc:2    | Found Puna's Weapon Emporium.
 23555 | Shoals:1 | Entered Level 1 of the Shoals
 24262 | Shoals:1 | Reached skill level 15 in Dodging
 24335 | Shoals:1 | Found Biceigg's Island Escapes.
 24747 | Shoals:1 | Reached skill level 18 in Fighting
 24927 | Shoals:1 | Identified the +6 chain mail "Seseo" {rC- Int+2 Dex+2}
 24933 | Shoals:1 | Found Peekaetu's General Store.
 25492 | Shoals:2 | HP: 8/225 [merfolk (13)]
 25499 | Shoals:2 | HP: 4/225 [merfolk (5)]
 25502 | Shoals:2 | Slain by a snapping turtle

Illustrated notes

Levels and vault maps discovered:
D:1:      eino_arrival_water_star, layout_basic
D:2:      minmay_recursive_quarters, layout_basic, minmay_pentomino_u2
D:3:      layout_loops_ring, nicolae_dithmenos_shadow_blocks, serial_shops,
          shop, minmay_misc_feat_pillars, kennysheep_generic_room_16,
          uniq_sigmund
D:4:      layout_basic, mainiacjoe_overflow_alcove_2, minitemple
D:5:      layout_gridville, chei_slow_surprise
D:6:      minmay_flawed_box, layout_loops_ring, zin_treasury,
          gammafunk_temple_overflow_wave
D:7:      layout_cave_pools, mainiacjoe_overflow_catch_the_wave,
          minmay_temple_entry_butterflies, minmay_mini_ossuary, uniq_pikel
D:8:      kennysheep_windowed_halls, layout_rooms,
          minmay_fractal_squares_diagonal_5
D:9:      layout_gridville, minmay_lair_entry_grove, grunt_ministairs_1
D:10:     layout_roguey, nrook_uturn
D:11:     layout_irregular_city
D:12:     layout_cave_pods, erik_orc_4, uniq_nessos
Lair:1:   layout_concentric_octagons
Lair:2:   layout_long_grid
Lair:3:   layout_roguey, bobbens_dragon_lair_wall, infiniplex_staircase_pool_2
Lair:4:   layout_regular_city, shoals_dummy_entry, guppyfry_snake_entry_island,
          basic_altar, nzn_random_ring, lemuel_fruit_fields,
          serial_bayou_shore_a
Lair:5:   layout_cave_pods, gammafunk_ghost_split, lemuel_fruit_tree
Lair:6:   minmay_lair_end_frog_pond, layout_regular_city,
          minmay_slime_entry_pillars, st_stairs_7, infiniplex_staircase_pool
Shoals:1: layout_shoals, serial_shops, nicolae_shop_window_shopping,
          nicolae_island_escapes
Shoals:2: layout_shoals, st_sunken_huts
Orc:1:    layout_caves, serial_shops, nicolae_shop_trees, mines_bat_river
Orc:2:    grunt_orc_tribal_feast, layout_caves, uniq_urug

Skill      XL: |  1  2  3  4  5  6  7  8  9 10 11 12 13 14 15 |
---------------+----------------------------------------------+-----
Maces & Flails | 4 5 6 8 9 10 | 10.1
Polearms       | 4 9 13 14 | 14.0
Shields        | 4 |  4.0
Fighting       | 6 9 12 14 17 18 | 18.6
Armour         | 6 9 11 14 15 16 | 16.8
Dodging        | 5 8 10 12 14 15 | 15.4

Action                   |  1- 3 |  4- 6 |  7- 9 | 10-12 | 13-15 || total
-------------------------+-------+-------+-------+-------+-------++-------
Melee: Mace              |    60 |    88 |       |       |       ||   148
       Headbutt          |     7 |    17 |    34 |   126 |   251 ||   435
       Morningstar       |       |    12 |    18 |       |       ||    30
       Trident           |       |       |   201 |   564 |  1216 ||  1981
 Fire: Hunting sling     |     4 |       |       |       |       ||     4
Throw: Dart              |       |       |       |     1 |       ||     1
Invok: Berserk           |     1 |     1 |     4 |    10 |     9 ||    25
  Use: Scroll            |       |       |       |    22 |     4 ||    26
 Stab: Distracted        |       |       |       |     1 |       ||     1
Armor: Animal skin       |     8 |       |       |       |       ||     8
       Chain mail        |    11 |    41 |    68 |    31 |   241 ||   392
       Fire dragon scale |       |       |       |    59 |     7 ||    66
Dodge: Dodged            |    54 |    53 |    55 |   177 |   410 ||   749
Block: Buckler           |       |       |    37 |   119 |   364 ||   520
       Reflection        |       |       |       |    12 |    24 ||    36

Table legend: (Time is in decaauts)
 A = Elapsed time spent in this place.
 B = Non-inter-level travel time spent in this place.
 C = Inter-level travel time spent in this place.
 D = Time resting spent in this place.
 E = Time spent auto-exploring this place.
 F = Levels seen in this place.
 G = Mean time per level.
                   A        B        C        D        E       F      G
               +--------+--------+--------+--------+--------+-----+--------+
         Total |  24994 |  22729 |   2265 |   3732 |  15147 |  22 | 1136.1 |
       Dungeon |  13534 |  12137 |   1397 |   2401 |   7833 |  12 | 1127.8 |
          Lair |   6940 |   6233 |    707 |    512 |   4645 |   6 | 1156.7 |
        Shoals |   1820 |   1742 |     78 |    181 |   1128 |   2 |  910.0 |
  Orcish Mines |   2699 |   2617 |     82 |    638 |   1541 |   2 | 1349.5 |
               +--------+--------+--------+--------+--------+-----+--------+

Top non-repeatable levels by time:
     D:8: 2189 daAuts
Shoals:1: 1486 daAuts
   Orc:2: 1451 daAuts
  Lair:6: 1447 daAuts
  Lair:3: 1425 daAuts
    D:12: 1302 daAuts
  Lair:2: 1276 daAuts
     D:5: 1276 daAuts
     D:6: 1252 daAuts
   Orc:1: 1247 daAuts
     D:9: 1135 daAuts
     D:2: 1088 daAuts
     D:4: 1087 daAuts
    D:10: 988 daAuts
  Lair:5: 975 daAuts
